 Dungeon Crawl Stone Soup version 0.29-a0-418-gc0181ea820 (webtiles) character file.

Game seed: 8373942493153201485

4 BaranNinja the Cudgeller (level 1, 0/18 HPs)
             Began as a Human Cinder Acolyte on May 17, 2022.
             Was a High Priest of Ignis.
             Slain by a hobgoblin (2 damage)
             ... on level 1 of the Dungeon.
             The game lasted 00:06:01 (152 turns).

BaranNinja the Cudgeller (Human Cinder Acolyte)      Turns: 152, Time: 00:06:02

Health: 0/18       AC:  2    Str: 14    XL:     1   Next: 77%
Magic:  2/2        EV: 11    Int: 14    God:    Ignis [*****.]
Gold:   5          SH:  0    Dex:  8    Spells: 2/2 levels left

rFire   + . .      SeeInvis .   a - -1 mace (flame)
rCold   . . .      Faith    .   (no shield)
rNeg    . . .      Spirit   .   b - +0 robe
rPois   .          Reflect  .   (no helmet)
rElec   .          Harm     .   (no cloak)
rCorr   .          Rampage  .   (no gloves)
Will    .....                   (no boots)
Stlth   +.........              (no amulet)
HPRegen 0.06/turn               (no ring)
MPRegen 0.08/turn               (no ring)

@: no status effects
A: no striking features
a: Renounce Religion, Fiery Armour, Foxfire Swarm, Rising Flame


You were on level 1 of the Dungeon.
You worshipped Ignis.
Ignis was extremely pleased with you.
You visited 1 branch of the dungeon, and saw 1 of its levels.

You collected 5 gold pieces.

Inventory:

Hand Weapons
 a - a -1 mace of flaming (weapon)
 d - a +0 hand axe
Armour
 b - a +0 robe (worn)
 e - a +0 leather armour
Scrolls
 c - a scroll of identify {unknown}


   Skills:
 + Level 3.1 Fighting
 + Level 3.1 Maces & Flails
 + Level 1.0 Spellcasting
 + Level 3.1 Fire Magic


You had 2 spell levels left.
You didn't know any spells.
Your spell library contained the following spells:

 Spells                   Type           Power      Damage    Failure   Level
 Scorch                   Fire           18%        2d5       11%         2


Dungeon Overview and Level Annotations

Branches:
Dungeon (1/15)

Altars:


Message History

The hobgoblin hits you.
You barely miss the hobgoblin.
The hobgoblin is almost dead.
The hobgoblin misses you.
You barely miss the hobgoblin.
The hobgoblin is almost dead.
The hobgoblin hits you. The hobgoblin misses you.
You barely miss the hobgoblin.
The hobgoblin is almost dead.
The hobgoblin barely misses you.
You barely miss the hobgoblin.
The hobgoblin is almost dead.
The hobgoblin hits you.
You barely miss the hobgoblin.
The hobgoblin is almost dead.
The hobgoblin barely misses you.
You barely miss the hobgoblin.
The hobgoblin is almost dead.
The hobgoblin hits you but does no damage.
The hobgoblin hits you.
* * * LOW HITPOINT WARNING * * *
You barely miss the hobgoblin.
The hobgoblin is almost dead.
The hobgoblin barely misses you.
You barely miss the hobgoblin.
The hobgoblin is almost dead.
The hobgoblin hits you.
* * * LOW HITPOINT WARNING * * *
You hit the hobgoblin. You burn the hobgoblin.
You kill the hobgoblin!
Found a scroll labelled XAVUWU PUSIHUSKA.
A bat, a kobold and a hobgoblin come into view.
The kobold shouts!
The bat misses you.
You closely miss the bat. The bat closely misses you. x2
The hobgoblin closely misses you.
You closely miss the bat. The bat hits you.
* * * LOW HITPOINT WARNING * * *
The hobgoblin hits you.
You die...

#.# ..# # #
##..# ?. #.
#...#$ #..##
#....
#...####..####.#
#...##gK.....#
##...@b......
#............
#.###########
#.#
#†############
#............#
############.#
#># #.#


You could see a hobgoblin, a bat and a kobold.

Vanquished Creatures
  An endoplasm (D:1)
  2 hobgoblins (D:1)
  A frilled lizard (D:1)
4 creatures vanquished.

Notes
Turn   | Place    | Note
-------+----------+-------------------------------------------
     0 | D:1      | BaranNinja the Human Cinder Acolyte began the quest for the
                  | Orb.
     0 | D:1      | Reached XP level 1. HP: 18/18 MP: 2/2
   152 | D:1      | Slain by a hobgoblin

Illustrated notes

Levels and vault maps discovered:
D:1:      denvon_arrival_planthouse, layout_loops_ring,
          hellmonk_ecumenical_altar_heavens_door, hangedman_feature_mirror,
          kennysheep_minor_cross, minmay_tetromino_i4

Action                   || total
-------------------------++-------
Melee: Mace              ||    21
       Punch             ||     1
Armor: Robe              ||     2
Dodge: Dodged            ||    13

Table legend: (Time is in decaauts)
 A = Elapsed time spent in this place.
 B = Non-inter-level travel time spent in this place.
 C = Inter-level travel time spent in this place.
 D = Time resting spent in this place.
 E = Time spent auto-exploring this place.
 F = Levels seen in this place.
 G = Mean time per level.
                   A        B        C        D        E       F      G
               +--------+--------+--------+--------+--------+-----+--------+
         Total |    157 |     90 |     67 |      0 |      0 |   1 |  157.0 |
       Dungeon |    157 |     90 |     67 |      0 |      0 |   1 |  157.0 |
               +--------+--------+--------+--------+--------+-----+--------+

Top non-repeatable levels by time:
     D:1: 157 daAuts
